 Dungeon Crawl Stone Soup version 0.30.0-10-gfe55d96785 (webtiles) character file.

Game seed: 10645934338424601328

14 SnakkuSnakku7 the Caller (level 2, 24/24 HPs)
             Began as an Armataur Summoner on May 14, 2023.
             Was a Follower of Trog.
             Got out of the dungeon alive.
             The game lasted 00:01:19 (501 turns).

SnakkuSnakku7 the Caller (Armataur Summoner)         Turns: 501, Time: 00:01:20

Health: 24/24      AC:  4    Str: 13    XL:     2   Next: 27%
Magic:  4/4        EV:  9    Int: 15    God:    Trog [*.....]
Gold:   62         SH:  0    Dex: 10    Spells: 3/4 levels left

rFire   . . .        a - +0 hand axe
rCold   . . .        (no shield)
rNeg    . . .        i - +0 robe
rPois   .            (no helmet)
rElec   .            (no cloak)
rCorr   .            (no gloves)
SInv    .            (no barding)
Will    .....        (no amulet)
Stlth   ++           (no ring)
HPRegen 0.24/turn    (no ring)
MPRegen 0.09/turn

%: roll
@: no status effects
A: large, rugged brown scales 3, deformed body, armoured tail, roll, long
tongue, awkward tongue
a: Renounce Religion, Berserk


You escaped.
You worshipped Trog.
Trog was aware of your devotion.
You visited 1 branch of the dungeon, and saw 1 of its levels.

You collected 62 gold pieces.

Inventory:

Hand Weapons
 a - a +0 hand axe (weapon)
 h - a +0 club
Missiles
 c - 5 poisoned darts
Armour
 i - a +0 robe (worn)
Jewellery
 f - a ring of positive energy
 g - a ring of willpower
Scrolls
 d - a scroll of identify {unknown}
 e - a scroll of silence {unknown}
Potions
 b - a potion of magic


   Skills:
 + Level 1.6 Fighting
 + Level 0.3 Throwing
 - Level 1.3 Dodging
 - Level 2.1 Stealth
 - Level 1.7 Spellcasting
 - Level 3.2 Summonings


You had 3 spell levels left.
You knew the following spells:

 Your Spells              Type           Power      Damage    Failure   Level
a - Summon Small Mammal   Summ           44%        N/A       6%          1

Your spell library contained the following spells:

 Spells                   Type           Power      Damage    Failure   Level
 Call Imp                 Summ           22%        N/A       9%          2
 Call Canine Familiar     Summ           11%        N/A       19%         3
 Summon Guardian Golem    Hex/Summ       6%         N/A       34%         3
 Portal Projectile        Hex/Tloc       2%         N/A       56%         3
 Summon Lightning Spire   Summ/Air       6%         N/A       75%         4
 Leda's Liquefaction      Hex/Erth       0%         N/A       92%         4


Dungeon Overview and Level Annotations

Branches:
Dungeon (1/15)

Altars:
Trog

Shops:
D:1 !*


Innate Abilities, Weirdness & Mutations

You are completely covered in rugged brown scales. (AC +3, +7% HP)
Armour fits poorly on your strangely shaped body.
You have a long armoured tail.
You roll when moving toward enemies. (Rampage)
Your long tongue fully drains potion bottles. (2x potion effects)
Your tongue gives you trouble enunciating. (1.5x scroll delay)


Message History

There is a faded altar of an unknown god here.
This altar belongs to (a) Uskayaw, (b) Elyvilon or (c) Trog, but you can't tell which.
Press the corresponding letter to learn more about a god, or press enter to convert or escape to cancel.
Trog accepts your prayer! Trog welcomes you!
You can now go berserk at will.
There is an open door here.
There is a stone staircase leading down here.
You now have enough gold to buy 2 scrolls labelled QUDYISK QITUL on this level, or buy a potion of curing on this level.
You can access your shopping list by pressing '$'.
You now have 51 gold pieces (gained 10).
You now have enough gold to buy a potion of might on this level.
You can access your shopping list by pressing '$'.
You now have 62 gold pieces (gained 11).
Found a leather armour.
Found a buckler.
There's nothing to close nearby.
You can't go up here!
Unknown command.
A kobold comes into view. It is wielding a +0 dagger.
You can't go up here!
The kobold shouts!
You roll towards the kobold!
The kobold closely misses you.
You hit the kobold.
Your tail-slap misses the kobold.
The kobold is moderately wounded.
The kobold hits you but does no damage.
You barely miss the kobold.
The kobold is moderately wounded.
The kobold hits you but does no damage.
You hit the kobold.
You kill the kobold!
Trog accepts your kill.
No target in view!
Things that are here:
a +0 dagger; a stone; a kobold corpse Unknown command.
(D) Dungeon
Where to? (Enter - D:1 @ (x,y), ? - help)
There is a staircase leading out of the dungeon here.
Are you sure you want to leave the Dungeon?
This will make you lose the game!
You have escaped!

.##.#...## #..........# #
.......... #............# #### #
.........## ###..........###..###
........>.. ...........[.........
.........# ###..........###..###
.........# #....#####.#!#...#
.........# ###....#####.###...#
##.......####.........##.......#
................@.....####.....#
.#..###..#............# ##....##
.#.........#..........# ##.....
...........#.....8....#######....
###.#.............♣..............
###.#....#.#.....................
....#......#.....................
###.#.#...##..........#######....
#!#...#.#.........##### #....


There were no monsters in sight!

Vanquished Creatures
  2 endoplasms (D:1)
  2 goblins (D:1)
  A hobgoblin (D:1)
  A kobold (D:1)
  3 rats (D:1)
9 creatures vanquished.

Vanquished Creatures (collateral kills)
  A dart slug (D:1)
  A rat (D:1)
2 creatures vanquished.

Grand Total: 11 creatures vanquished

Notes
Turn   | Place    | Note
-------+----------+-------------------------------------------
     0 | D:1      | SnakkuSnakku7 the Armataur Summoner began the quest for the
                  | Orb.
     0 | D:1      | Reached XP level 1. HP: 14/14 MP: 3/3
    52 | D:1      | Reached skill level 1 in Fighting
    78 | D:1      | Found Aheyst's Assorted Antiques.
   112 | D:1      | Reached XP level 2. HP: 22/24 MP: 4/4
   236 | D:1      | Found Kuynt's Distillery.
   316 | D:1      | Found a faded altar of an unknown god.
   361 | D:1      | Prayed at the altar of an unknown god.
   361 | D:1      | Became a worshipper of Trog the Wrathful
   361 | D:1      | Reached * piety under Trog
   501 | D:$      | Got out of the dungeon alive.

Illustrated notes

Levels and vault maps discovered:
D:1:      wander_arrival_lonely_grave, layout_basic, serial_glass,
          glass_columns_b, glass_columns_a, due_unseen_surprise,
          item_on_display_a, item_on_display_a,
          shapermc_ecumenical_altar_notcrosses, serial_shops, shop, shop, shop,
          hex_large, hangedman_decor_riveting, corner_web_ring

Skill      XL: |  1 |
---------------+----+-----
Fighting       | 1 |  1.6
Throwing       | |  0.3
Dodging        | |  1.3
Stealth        | |  2.1
Spellcasting   | |  1.7
Summonings     | |  3.2

Action                     || total
---------------------------++-------
  Melee: Unarmed           ||    37
         Tailslap          ||     6
         Club              ||     4
         Hand axe          ||     3
   Cast: Summon Small Mamm ||     2
   Stab: Sleeping          ||     2
 Armour: Robe              ||    13
  Dodge: Dodged            ||    18
